 Dungeon Crawl Stone Soup version 0.28.0 (webtiles) character file.

Game seed: 16255365349525160402

112 dolemite99 the Chopper (level 4, 0/37 HPs)
             Began as a Hill Orc Gladiator on Feb 11, 2022.
             Was a Believer of Beogh.
             Slain by a gnoll sergeant (7 damage)
             ... on level 4 of the Dungeon.
             The game lasted 00:02:21 (3572 turns).

dolemite99 the Chopper (Hill Orc Gladiator)         Turns: 3572, Time: 00:02:22

Health: 0/37       AC:  8    Str: 18    XL:     4   Next: 93%
Magic:  4/4        EV: 11    Int:  8    God:    Beogh [**....]
Gold:   133        SH:  0    Dex: 12    Spells: 3/3 levels left

rFire   . . .      SeeInvis .   a - +0 war axe
rCold   . . .      Faith    .   (no shield)
rNeg    . . .      Spirit   .   p - +0 ring mail
rPois   .          Reflect  .   c - +0 helmet
rElec   .          Harm     .   s - +0 cloak
rCorr   .          Rampage  .   o - +0 pair of gloves
Will    .....                   (no boots)
Stlth   +.........              (no amulet)
HPRegen 0.12/turn               (no ring)
MPRegen 0.09/turn               (no ring)

@: lethally poisoned (0 -> -7)
A: no striking features
a: Renounce Religion, Smiting


You were on level 4 of the Dungeon.
You worshipped Beogh.
Beogh was pleased with you.
You visited 1 branch of the dungeon, and saw 4 of its levels.

You collected 133 gold pieces.

Inventory:

Hand Weapons
 a - a +0 war axe (weapon)
 m - a +0 hunting sling
Missiles
 d - 3 throwing nets (quivered)
 f - 91 sling bullets
 g - 140 stones
 j - 57 bolts
Armour
 b - a +0 leather armour
 c - a +0 helmet (worn)
 o - a +0 pair of gloves (worn)
 p - a +0 ring mail (worn)
 s - a +0 cloak (worn)
Potions
 e - a potion of magic {unknown}
 i - a potion of flight {unknown}
 k - a potion of heal wounds {unknown}
 l - a potion of degeneration {unknown}
 r - a potion of attraction {unknown}


   Skills:
 - Level 2.4 Fighting
 + Level 7.2 Axes
 - Level 1.7 Throwing
 - Level 2.4 Dodging


You had 3 spell levels left.
You didn't know any spells.
Your spell library contained the following spells:

 Spells                   Type           Power      Damage    Failure   Level
 Static Discharge         Conj/Air       0%         N/A       75%         2
 Lightning Bolt           Conj/Air       0%         1d11      100%        5
 Maxwell's Capacitive Co  Air            0%         ∞         100%        8


Dungeon Overview and Level Annotations

Branches:
Dungeon (4/15)
 Temple: D:4-7

Altars:
Fedhas
Beogh


Message History

There is an open door here.
The orc wizard completely misses you.
You slash the orc wizard!
The orc wizard is severely wounded.
The gnoll sergeant hits you from afar with a +0 spear of venom!
You are lethally poisoned!
The orc wizard hits you with a +0 dagger.
You feel very sick.
The orc wizard hits you but does no damage.
You are too injured to fight recklessly!
You are too injured to fight recklessly!
You hit the orc wizard.
The orc wizard is almost dead.
* * * LOW HITPOINT WARNING * * *
You feel very sick. The gnoll sergeant closely misses you.
The orc wizard hits you but does no damage.
You feel better.
The gnoll sergeant hits you from afar with a +0 spear of venom!
* * * LOW HITPOINT WARNING * * *
You are lethally poisoned!
The orc wizard hits you but does no damage.
You feel better.
The gnoll sergeant hits you from afar with a +0 spear of venom.
You are lethally poisoned!
The orc wizard mumbles some strange words.
The orc wizard flickers and vanishes!
Deactivating autopickup; reactivate with Ctrl-A.
* * * LOW HITPOINT WARNING * * *
You feel very sick. The gnoll sergeant barely misses you.
Something hits you but does no damage.
You hit the gnoll sergeant but do no damage.
You slash something! Beogh accepts your kill.
You can now smite your foes.
Reactivating autopickup.
You feel a bit more experienced.
* * * LOW HITPOINT WARNING * * *
You feel sick.
The gnoll sergeant hits you with a +0 spear of venom!
You die...

#.........#####
..#...........######
+......#'##......#####
#.....##..#.####.....#..
#
#.....##..#........#.#.#
.# ########..#######.>#
#.##.# #..##....#..#
.....#
##..##....#..###..#
##8..8##@)##.......#
+......'.g#.....#..#
#..##..#..#........#
########..##.......#
....#...##.##
....#......###
####+##.......#
#.....#.## #.....(<.#


You could see a gnoll sergeant.

Vanquished Creatures
  Jessica (D:2)
  An orc wizard (D:4)
  3 adders
  2 worms (D:2)
  A dart slug (D:2)
  4 ball pythons
  2 bats (D:1)
  5 endoplasms
  2 giant cockroaches (D:1)
  A goblin (D:1)
  8 hobgoblins
  9 kobolds
  3 quokkas
  4 frilled lizards
  3 rats
49 creatures vanquished.

Vanquished Creatures (others)
  5 plants (D:1)
5 creatures vanquished.

Grand Total: 54 creatures vanquished

Notes
Turn   | Place    | Note
-------+----------+-------------------------------------------
     0 | D:1      | dolemite99 the Hill Orc Gladiator began the quest for the
                  | Orb.
     0 | D:1      | Reached XP level 1. HP: 18/18 MP: 1/1
   452 | D:1      | Reached XP level 2. HP: 24/25 MP: 2/2
   573 | D:1      | Reached skill level 5 in Axes
  1125 | D:1      | Found a faded altar of an unknown god.
  1137 | D:1      | Prayed at the altar of an unknown god.
  1137 | D:1      | Became a worshipper of Beogh the Brigand
  1137 | D:1      | Reached * piety under Beogh
  1438 | D:2      | Noticed Jessica
  1444 | D:2      | Killed Jessica
  1445 | D:2      | Reached skill level 6 in Axes
  1445 | D:2      | Reached XP level 3. HP: 3/30 MP: 3/3
  1999 | D:2      | Reached XP level 4. HP: 33/37 MP: 4/4
  2499 | D:3      | Reached skill level 7 in Axes
  2604 | D:3      | Found a blossoming altar of Fedhas.
  3563 | D:4      | Noticed a gnoll sergeant
  3572 | D:4      | Reached ** piety under Beogh
  3572 | D:4      | Slain by a gnoll sergeant

Illustrated notes

Levels and vault maps discovered:
D:1:      lemuel_arrival_behind_the_door_small, layout_loops_corners,
          serial_forest, infiniplex_forest_clump_small,
          infiniplex_forest_corner_2, infiniplex_forest_clump_cross,
          infiniplex_forest_lined_ring, infiniplex_forest_lined_room_,
          infiniplex_forest_diagonal, infiniplex_forest_lined_2,
          shapermc_ecumenical_altar_flowoftime, patterned_corridor
D:2:      layout_rooms, uniq_jessica
D:3:      layout_basic, lemuel_coloured_pillars_altar, grunt_decor_resistance,
          minivault_26
D:4:      minmay_chambers_of_twos, layout_basic, minmay_temple_entry_junction,
          kennysheep_big_empty_room, corexii_item_surrounded_by_moat,
          uniq_crazy_yiuf_cottage

Skill      XL: |  1  2  3  4 |
---------------+-------------+-----
Axes           | 6 7 |  7.2
Fighting       | |  2.4
Throwing       | |  1.7
Dodging        | |  2.4

Action                   |  1- 3 |  4- 6 || total
-------------------------+-------+-------++-------
Melee: War axe           |    79 |    55 ||   134
       Punch             |     1 |       ||     1
  Use: Scroll            |       |     4 ||     4
       Potion            |       |     2 ||     2
Armor: Leather armour    |    24 |       ||    24
       Ring mail         |       |    23 ||    23
Dodge: Dodged            |    46 |    28 ||    74
